 Dungeon Crawl Stone Soup version 0.30.0 (webtiles) character file.

Game seed: 7563474701262347858

663 browni3141 the Grave Robber (level 7, -3/56 HPs)
             Began as a Barachi Necromancer on May 7, 2023.
             Slain by Menkaure (15 damage)
             ... on level 5 of the Dungeon.
             The game lasted 00:09:56 (4954 turns).

browni3141 the Grave Robber (Barachi Necromancer)   Turns: 4954, Time: 00:09:57

Health: -3/56      AC:  8    Str:  9    XL:     7   Next: 56%
Magic:  11/11      EV: 12    Int: 18    God:
Gold:   130        SH:  0    Dex: 12    Spells: 4/12 levels left

rFire   + . .        E - +2 hand axe (flame)
rCold   . . .        (no shield)
rNeg    . . .        a - +0 robe
rPois   .            V - +2 helmet "Nuakk" {rF+}
rElec   .            (no cloak)
rCorr   .            (no gloves)
SInv    .            G - +2 pair of boots
Will    .....        (no amulet)
Stlth   ++           (no ring)
HPRegen 0.29/turn    (no ring)
MPRegen 0.12/turn

%: no passive effects
@: unable to hop, hasted, quick
A: amphibious, slowness 1, strong legs 1, +LOS
a: Hop


You were on level 5 of the Dungeon.
You visited 1 branch of the dungeon, and saw 5 of its levels.

You collected 130 gold pieces.

Inventory:

Hand Weapons
 n - a +0 dagger
 E - a +2 hand axe of flaming (weapon)
 K - a +0 short sword
 N - a +0 dagger of speed
Missiles
 I - 9 poisoned darts
 J - 2 javelins
 P - 2 silver javelins
Armour
 a - a +0 robe (worn)
 G - a +2 pair of boots (worn)
 S - a +0 hat
 V - the +2 helmet "Nuakk" (worn) {rF+}
   (You took it off Robin on level 2 of the Dungeon)

   rF:        It protects you from fire.
 W - a +0 helmet
Scrolls
 p - 4 scrolls of teleportation
 r - 3 scrolls of identify
 F - a scroll of brand weapon {unknown}
 M - a scroll of silence {unknown}
 T - a scroll of poison {unknown}
 Y - a scroll of fog {unknown}
 Z - 2 scrolls of noise {unknown}
Potions
 h - 2 potions of haste
 m - 2 potions of magic
 o - a potion of attraction {unknown}
 q - 2 potions of degeneration {unknown}
 C - 2 potions of curing
 H - 2 potions of brilliance {unknown}
 O - 2 potions of invisibility {unknown}
 U - a potion of heal wounds {unknown}
 X - 2 potions of lignification {unknown}


   Skills:
 * Level 5.5 Fighting
 - Level 2.1 Dodging
 - Level 1.7 Stealth
 - Level 3.0 Spellcasting
 * Level 6.6 Necromancy


You had 4 spell levels left.
You knew the following spells:

 Your Spells              Type           Power      Damage    Failure   Level
d - Animate Dead          Necr           26%        N/A       11%         4
v - Vampiric Draining     Necr           26%        2d7       3%          3
N - Necrotise             Necr           100%       1d9       1%          1

Your spell library contained the following spells:

 Spells                   Type           Power      Damage    Failure   Level
 Slow                     Hex            8%         N/A       16%         1
 Confusing Touch          Hex            2%         N/A       43%         3
 Agony                    Necr           26%        N/A       28%         5
 Haunt                    Necr/Summ      7%         N/A       100%        7
 Infestation              Necr           13%        N/A       100%        8


Dungeon Overview and Level Annotations

Branches:
Dungeon (6/15)
 Temple: D:4-7

Altars:
Dithmenos

Shops:
D:3 :

Annotations:
D:5 Menkaure
D:6 exclusion: steam dragon, Maggie


Innate Abilities, Weirdness & Mutations

You are amphibious.
You cover ground slowly.
You can hop short distances.
You have an extended range of vision and can be seen from far away.


Message History

Your Fighting skill increases to level 5!
You can't see any susceptible monsters within range! (Use Z to cast anyway.)
You start resting.
HP restored.
You start resting.
Magic restored.
Things that are here:
a +2 hand axe of flaming; a +0 leather armour; an orc corpse
E - a +2 hand axe of flaming
There is a stone staircase leading down here.
Found a stone staircase leading up.
Q - 6 scrolls labelled HONEAQ YGAEPRU (gained 1)
m - 2 potions of magic (gained 1)
You see here a scroll labelled KUAS JUK GIZO.
Z - 2 scrolls labelled KUAS JUK GIZO (gained 1)
The scorpion writhes in agony.
The scorpion stings you but does no damage.
The scorpion writhes in agony.
The scorpion completely misses you.
The scorpion writhes in agony!
The scorpion barely misses you.
The scorpion writhes in agony.
The scorpion stings you.
The scorpion writhes in agony.
The scorpion stings you but does no damage.
The scorpion barely resists.
The scorpion stings you. x2
You are poisoned.
The scorpion poisons you!
The scorpion writhes in agony!
You kill the scorpion!
You feel very sick.
You feel sick.
You feel sick.
There is a stone staircase leading up here.
You start resting.
You feel sick. x5
You are no longer poisoned.
You start resting.
Magic restored.
You start resting.
HP restored.
You climb upwards.
There is a stone staircase leading down here.
Found a stone staircase leading up.
You open the door.
There is an open door here.
You open the door.
There is an open door here.
You open the door.
Found a stone staircase leading down.
Menkaure, Prince of Dust comes into view.
Menkaure shouts!
You hear an angry hiss.
An ogre comes into view. It is wielding a +0 giant club.
There is an open door here.
Menkaure gestures at you while chanting.
Pain shoots through your body!
An iguana comes into view.
There is an open door here.
Hop to where?
Press: ? - help, Dir - move target Boing!
As you read the scroll labelled HONEAQ YGAEPRU, it crumbles to dust.
It is a scroll of identify.
p - 4 scrolls of teleportation;
r - 5 scrolls of identify
As you read the scroll of identify, it crumbles to dust.
L - 3 potions of haste;
h - 3 potions of haste
As you read the scroll of identify, it crumbles to dust.
R - 3 potions of curing;
C - 3 potions of curing Your +2 hand axe of flaming bursts into flame!
E - a +2 hand axe of flaming (weapon)
Menkaure points at you and mumbles some strange words.
Pain shoots through your body!
You hit Menkaure. You burn Menkaure.
Menkaure is moderately damaged.
Menkaure hits you!!
You hit Menkaure. You burn Menkaure.
Menkaure is heavily damaged.
Menkaure closely misses you.
You barely miss Menkaure.
Menkaure is heavily damaged.
Menkaure barely misses you.
You hit Menkaure but do no damage.
Menkaure is heavily damaged.
Menkaure hits you!
You barely miss Menkaure.
Menkaure is heavily damaged.
Menkaure gestures wildly while chanting.
Menkaure seems to speed up.
You hit Menkaure. You burn Menkaure.
Menkaure is severely damaged.
Menkaure barely misses you. Menkaure hits you.
* * * LOW HITPOINT WARNING * * *
You feel better. Menkaure closely misses you.
You feel yourself speed up.
The iguana hisses menacingly.
Menkaure sighs a few words.
Menkaure hits you but does no damage.
You hit Menkaure. You burn Menkaure.
Menkaure is almost destroyed.
Menkaure hits you!
* * * LOW HITPOINT WARNING * * *
You hit Menkaure but do no damage.
Menkaure is almost destroyed.
Menkaure hits you!
You die...

#............ #..!.........
.########+#####........l...
................##'##+##.O
................+..#
.............[..#..+
................#l##
######'#########M#
#..'...........@.#
##..#.............#
....##...###..#####
##..########..###
##..##..........#
##<.#...........#
...#...........#
...#...........#
#################


You could see Menkaure (fast) and an iguana.

Vanquished Creatures
  2 ice beasts (D:6)
  A phantom (D:6)
  3 scorpions (D:6)
  An iguana (D:6)
  Robin (D:2)
  6 adders
  3 gnolls (D:3)
  A white imp (D:6)
  4 worms
  A dart slug (D:1)
  2 orcs
  5 endoplasms
  6 giant cockroaches
  14 goblins
  6 hobgoblins (D:2)
  3 jackals (D:3)
  5 kobolds
  3 quokkas
  10 ball pythons
  4 bats
  2 frilled lizards (D:2)
  3 rats
86 creatures vanquished.

Vanquished Creatures (collateral kills)
  2 hobgoblins (D:2)
  A kobold (D:2)
3 creatures vanquished.

Grand Total: 89 creatures vanquished

Notes
Turn   | Place    | Note
-------+----------+-------------------------------------------
     0 | D:1      | browni3141 the Barachi Necromancer began the quest for the
                  | Orb.
     0 | D:1      | Reached XP level 1. HP: 13/13 MP: 3/3
   289 | D:1      | Reached XP level 2. HP: 15/22 MP: 5/5
   825 | D:1      | Reached skill level 3 in Fighting
   881 | D:1      | Reached XP level 3. HP: 29/29 MP: 6/6
  1470 | D:2      | Reached XP level 4. HP: 13/37 MP: 0/7
  1495 | D:2      | Learned a level 3 spell: Vampiric Draining
  1714 | D:2      | Reached skill level 4 in Necromancy
  1862 | D:2      | Identified the +2 helmet "Nuakk" {rF+}
  1862 | D:2      | Noticed Robin
  1893 | D:2      | Killed Robin
  2121 | D:2      | Reached XP level 5. HP: 40/42 MP: 4/8
  3146 | D:3      | Reached skill level 5 in Necromancy
  3341 | D:3      | Found Xerred's Book Boutique.
  3928 | D:3      | Found a shadowy altar of Dithmenos.
  3945 | D:3      | You fall into a shaft and drop 3 floors!
  4086 | D:6      | Reached XP level 6. HP: 18/48 MP: 9/9
  4096 | D:6      | Learned a level 4 spell: Animate Dead
  4260 | D:6      | Reached skill level 6 in Necromancy
  4260 | D:6      | Reached skill level 3 in Spellcasting
  4360 | D:6      | Noticed an ice beast
  4486 | D:6      | Noticed Maggie
  4540 | D:6      | Noticed a steam dragon
  4612 | D:6      | Killed an ice beast
  4613 | D:6      | Reached XP level 7. HP: 29/55 MP: 0/11
  4897 | D:5      | Entered Level 5 of the Dungeon
  4933 | D:5      | Noticed Menkaure
  4954 | D:5      | Slain by Menkaure

Illustrated notes

Levels and vault maps discovered:
D:1:      spicycebolla_arrival_xxxplode, layout_basic, serial_glass,
          glass_columns_b, glass_columns_a, minmay_misc_feat_rows,
          minmay_worlds_worst_comb
D:2:      layout_basic, st_stairs_7, minmay_joined_circles, uniq_robin
D:3:      layout_basic, nicolae_overflow_hidden_temple, serial_shops, shop,
          grunt_ministairs_15
D:5:      layout_gridville, temple_green, uniq_menkaure,
          uniq_crazy_yiuf_cottage, uniq_pikel, uniq_ijyb
D:6:      layout_rooms, kennysheep_mini, lemuel_doored_altar,
          lemuel_blue_sif_altar, serial_rivers, chequers_serial_rivers_room_b,
          chequers_serial_rivers_small_3, chequers_serial_rivers_marsh,
          chequers_serial_rivers_marsh, chequers_serial_rivers_room_b,
          uniq_maggie

Skill      XL: |  1  2  3  4  5  6  7 |
---------------+----------------------+-----
Fighting       | 2 3 4 5 |  5.5
Necromancy     | 4 5 6 |  6.6
Spellcasting   | 3 |  3.0
Dodging        | |  2.1
Stealth        | |  1.7

Action                     |  1- 3 |  4- 6 |  7- 9 || total
---------------------------+-------+-------+-------++-------
  Melee: Dagger            |    90 |   322 |    10 ||   422
         Short sword       |    31 |       |       ||    31
         Punch             |       |     5 |       ||     5
         Hand axe          |       |       |     8 ||     8
   Cast: Necrotise         |    22 |    27 |    16 ||    65
         Vampiric Draining |       |    15 |       ||    15
Ability: Hop               |     1 |     3 |     1 ||     5
    Use: Scroll            |       |       |     3 ||     3
         Potion            |       |       |     2 ||     2
   Stab: Sleeping          |     3 |     3 |       ||     6
         Distracted        |       |     1 |       ||     1
 Armour: Robe              |    10 |    64 |     5 ||    79
  Dodge: Dodged            |    74 |   141 |    14 ||   229
